 Dungeon Crawl Stone Soup version 0.31-a0-819-gf6de2f5ab6 (webtiles) character file.

Game seed: 3418719437770383456

141 qw the Shooter (level 5, -1/32 HPs)
             Began as a Gargoyle Hunter on Sept 23, 2023.
             Slain by an orc
             ... wielding a +0 dagger
              (3 damage)
             ... on level 3 of the Dungeon.
             The game lasted 00:00:46 (1828 turns).

qw the Shooter (Gargoyle Hunter)                    Turns: 1828, Time: 00:00:46

Health: -1/32      AC:  8    Str: 15    XL:     5   Next: 24%
Magic:  5/5        EV: 11    Int:  9    God:
Gold:   713        SH:  0    Dex: 15    Spells: 4/4 levels left

rFire   . . .        Y - +0 shortbow
rCold   . . .        (shield currently unavailable)
rNeg    + . .        c - +0 leather armour
rPois   inf          (no helmet)
rElec   +            k - +0 cloak {Will+}
rCorr   .            (no gloves)
SInv    .            (no boots)
Will    +....        (no amulet)
Stlth   ++           (no ring)
HPRegen 0.25/turn    (no ring)
MPRegen 0.09/turn

%: no passive effects
@: no status effects
A: sickness immunity, AC +4, negative energy resistance 1, electricity
resistance, torment resistance 1, petrification resistance
a: no special abilities


You were on level 3 of the Dungeon.
You visited 1 branch of the dungeon, and saw 3 of its levels.

You collected 713 gold pieces.


Innate Abilities, Weirdness & Mutations

You are immune to sickness and miasma.
Your stone body is resilient. (AC +4)
You are immune to poison.
You resist negative energy. (rN+)
You are resistant to electric shocks. (rElec)
You are resistant to unholy torment.
You are immune to petrification.


   Skills:
 - Level 3.2 Fighting
 + Level 5.9 Ranged Weapons
 - Level 1.5 Dodging
 - Level 1.1 Stealth


You had 4 spell levels left.
You didn't know any spells.
Your spell library was empty.

Inventory:

Hand Weapons
 Y - a +0 shortbow (weapon)
Armour
 c - a +0 leather armour (worn)
 k - a +0 cloak of willpower (worn)
Scrolls
 f - a scroll of identify
Potions
 d - a potion of enlightenment {unknown}
 h - a potion of might {unknown}
 l - a potion of curing

Dungeon Overview and Level Annotations

Branches:
Dungeon (3/15)

Altars:
Ru

Shops:
D:1 (

Annotations:
D:3 Robin


Message History

The goblin hits you but does no damage.
You shoot an arrow. The arrow hits the goblin.
The goblin is severely wounded.
The goblin closely misses you. The goblin hits you but does no damage.
The goblin hits you with a +0 club. The goblin hits you but does no damage.
The gnoll barely misses you. The goblin misses you.
The orc hits you with a +0 dagger. The goblin hits you with a +0 dagger.
The goblin hits you with a +0 club. The goblin barely misses you.
The orc hits you but does no damage. The goblin misses you.
The gnoll hits you from afar with a +0 spear.
The goblin barely misses you.
You shoot an arrow. The arrow closely misses the goblin.
The goblin no longer looks unusually strong. x3
Robin roars a battlecry!
The goblins go into a battle-frenzy!
The orc barely misses you. The goblin hits you with a +0 dagger.
The goblin barely misses you. x2; The goblin hits you but does no damage. x2
The gnoll hits you but does no damage.
You shoot an arrow. The arrow closely misses the goblin.
The goblin no longer looks unusually strong.
The goblin barely misses you. The goblin hits you but does no damage.
The gnoll hits you but does no damage. The goblin hits you but does no damage.
The orc hits you but does no damage. The goblin barely misses you.
The goblin hits you but does no damage.
You shoot an arrow. The arrow hits the goblin.
You kill the goblin!
Robin throws the goblin at you! The orc closely misses you.
The goblin closely misses you. The goblin hits you but does no damage.
The gnoll hits you from afar with a +0 spear.
The goblin hits you but does no damage. The goblin closely misses you.
You shoot an arrow. The arrow hits the goblin!
You kill the goblin!
The orc hits you with a +0 dagger.
The goblin hits you with a +0 dagger. x2
The gnoll closely misses you. The goblin barely misses you.
You shoot an arrow. The arrow hits Robin.
Robin is heavily wounded.
The goblin no longer looks unusually strong.
Robin says, "We wiped out the hill dwarves - you're next!"
Robin hits you but does no damage. The orc hits you with a +0 dagger.
You die...

## .# ..... .# .... .##
#.).. ..# #.).. ## .#
##...### ... .# ##..g.g.
.... ... ##....go##..~~~
.#. .....gg@)..~~~~ ...
#.#.#.gg#...~~~ ##>##
#.#.....##.~~~~ ..<###
#.##.........~. ...#
#.#.....##.....
######.###.#.[..........
.............#...###....
)............#...# ..
..........####...# .


You could see Robin, 2 gnolls, an orc and 4 goblins.

Vanquished Creatures
  An orc wizard (D:3)
  3 adders (D:2)
  A gnoll (D:3)
  A worm (D:2)
  A dart slug (D:2)
  3 orcs (D:3)
  9 bats
  3 endoplasms
  4 giant cockroaches
  9 goblins
  4 hobgoblins
  7 jackals
  2 quokkas
  5 ball pythons
  5 frilled lizards
  5 kobolds
  3 rats
66 creatures vanquished.

Notes
Turn   | Place    | Note
-------+----------+-------------------------------------------
     0 | D:1      | qw the Gargoyle Hunter began the quest for the Orb.
     0 | D:1      | Reached XP level 1. HP: 12/12 MP: 1/1
     0 | D:1      | 0 ||| qw: Version: 0.3-a-83-gcd0e7d8
     0 | D:1      | 0 ||| qw: Game counter: 1589
     0 | D:1      | 0 ||| qw: Melee chars always use a shield: true
     0 | D:1      | 0 ||| qw: God list: Okawaru
     0 | D:1      | 0 ||| qw: Allow faded altars: false
     0 | D:1      | 0 ||| qw: Do Orc after clearing Dungeon:15 true
     0 | D:1      | 0 ||| qw: Do second Lair branch before Depths: true
     0 | D:1      | 0 ||| qw: Lair rune preference: random
     0 | D:1      | 0 ||| qw: Goals: Normal
     0 | D:1      | 0 ||| PLANNING D:1-11
   164 | D:1      | Reached XP level 2. HP: 17/17 MP: 2/2
   222 | D:1      | Found Lonk's Weapon Shop.
   787 | D:1      | Reached XP level 3. HP: 21/21 MP: 3/3
   798 | D:1      | Found a faded altar of an unknown god.
   841 | D:1      | 841 ||| UPGRADING to +0 cloak of willpower.
   846 | D:1      | 846 ||| READING scroll labelled CAUNUA MEJAJEXZOARPH.
   846 | D:1      | Identified a scroll of acquirement
   846 | D:1      | 846 ||| ACQUIRING 617 gold pieces
   846 | D:1      | Acquired 617 gold pieces
   848 | D:1      | 848 ||| READING scroll labelled KEPPUE WAOSERU.
   849 | D:1      | 849 ||| READING scroll labelled OSOGGYPN OFAL.
   850 | D:1      | 850 ||| DRINKING 2 viscous yellow potions.
   851 | D:1      | 851 ||| DRINKING 2 amethyst potions.
   852 | D:1      | 852 ||| DROPPING scroll of butterflies.
   865 | D:2      | Reached skill level 5 in Ranged Weapons
   969 | D:2      | Reached skill level 3 in Fighting
   969 | D:2      | Reached XP level 4. HP: 28/28 MP: 4/4
  1527 | D:2      | 1527 ||| READING scroll labelled NUPOPH FYUMEPE.
  1628 | D:2      | 1628 ||| READING scroll labelled WER AR TAS.
  1633 | D:2      | 1633 ||| READING 2 scrolls labelled DALOOBL LOJU.
  1634 | D:2      | 1634 ||| DRINKING 2 clear potions.
  1635 | D:2      | 1635 ||| DRINKING 2 bubbling black potions.
  1667 | D:2      | 1667 ||| DROPPING potion of brilliance.
  1668 | D:2      | 1668 ||| DROPPING potion of lignification.
  1713 | D:3      | Found a sacrificial altar of Ru.
  1794 | D:3      | Reached XP level 5. HP: 32/32 MP: 5/5
  1809 | D:3      | Noticed Robin
  1816 | D:3      | HP: 7/32 [goblin/+0 dagger[Robin] (3)]
  1817 | D:3      | 1817 ||| DRINKING 2 potions of heal wounds.
  1819 | D:3      | 1819 ||| DRINKING potion of heal wounds.
  1827 | D:3      | HP: 7/32 [orc/+0 dagger (3)]
  1827 | D:3      | HP: 3/32 [goblin/+0 dagger[Robin] (4)]
  1828 | D:3      | Slain by an orc

Levels and vault maps discovered:
D:1:      sevenhm_arrival_forest_fort_large_2, layout_loops_ring,
          hellmonk_ecumenical_altar_pennies_from_heaven, serial_shops,
          nicolae_shop_bloodbath_and_beyond, nicolae_houndstooth_variations
D:2:      layout_basic, serial_bayou_pond_c, minmay_tromino_v7
D:3:      layout_rooms, kiku_gazebo_pond_becter,
          nicolae_ru_great_annihilating_truth, nzn_wu_jian_council_hall,
          serial_shops, shop_fountains, minmay_randomly_rotated_circles,
          uniq_robin, uniq_crazy_yiuf_cottage

Skill      XL: |  1  2  3 |
---------------+----------+-----
Ranged Weapons | 5 |  5.9
Fighting       | 3 |  3.2
Dodging        | |  1.5
Stealth        | |  1.1

Action                     |  1- 3 |  4- 6 || total
---------------------------+-------+-------++-------
   Fire: Shortbow          |    72 |   111 ||   183
    Use: Scroll            |     3 |     3 ||     6
         Potion            |     2 |     4 ||     6
 Armour: Leather armour    |    17 |   124 ||   141
  Dodge: Dodged            |    15 |    99 ||   114

Table legend:
 A = Non-vault XP
 B = Vault XP
 C = Vault XP percentage of total XP
 D = Non-vault monster count
 E = Vault monster count
 F = Vault count percentage of total count
                 A         B        C        D         E       F
            +---------+---------+-------+---------+---------+-------
      Total |     140 |      62 |  30.7 |      51 |      15 |  22.7
            +---------+---------+-------+---------+---------+-------
        D:1 |      35 |       0 |   0.0 |      20 |       0 |   0.0
        D:2 |      77 |       7 |   8.3 |      23 |       3 |  11.5
        D:3 |      28 |      55 |  66.3 |       8 |      12 |  60.0
            +---------+---------+-------+---------+---------+-------
